Map: Rosanegro LE

Players

IagoAbreu - Winner!

  • Race: Zerg Zerg
  • League: Gold
  • Spawn Location: 1:00

Petrolis

  • Race: Zerg Zerg
  • League: Silver
  • Spawn Location: 7:00

VOD

Have the link to the VOD?

Description

Time

  • Played on: May 12, 2018, 12:12 p.m.
  • Length: 4:58
Show
View Real Time Build Order
Export as new Build Order

IagoAbreu Zerg - Winner!

Build Orders: Pool First 

Get SALT Encoding   

  13  0:07  Drone  
  13  0:14  Overlord  
  13  0:19  Drone  
  14  0:26  Drone, Extractor  
  14  0:34  Drone  
  15  0:52  Spawning Pool  
  15  0:56  Drone x2  
  16  1:01  Evolution Chamber  
  15  1:06  Drone  
  16  1:16  Drone  
  17  1:25  Drone  
  18  1:32  Zerg Melee Weapons Level 1  
  18  1:38  Queen  
  20  1:40  Drone  
  21  1:49  Zergling x2  
  22  1:58  Overlord  
  22  2:09  Metabolic Boost  
  22  2:17  Overlord  
  22  2:21  Zergling x2  
  23  2:35  Hatchery  
  22  2:38  Zergling x4  
  23  2:47  Zergling x4  
  23  2:48  Zergling x2  
  25  3:04  Zergling x4  
  26  3:18  Zergling x2, Lair  
  26  3:40  Zergling x4  
  28  3:55  Queen  
  28  3:58  Drone  
  30  4:31  Zergling x2  
  30  4:32  Zergling x16  
Show
View Real Time Build Order
Export as new Build Order

Petrolis Zerg 

Build Orders: Pool First 

Get SALT Encoding   

  12  0:01  Drone  
  13  0:13  Overlord  
  13  0:25  Drone  
  14  0:32  Drone x2  
  16  0:43  Spawning Pool  
  16  0:46  Drone  
  16  0:54  Overlord  
  16  1:15  Extractor  
  15  1:24  Drone  
  16  1:30  Zergling x4  
  16  1:31  Queen  
  20  1:39  Zergling x2  
  21  1:50  Drone  
  22  2:07  Drone, Queen  
  22  2:08  Drone  
  26  2:31  Zergling x4  
  28  2:43  Queen  
  28  3:18  Queen  
  29  3:21  Zergling x2  
  28  3:49  Hatchery  
  26  4:25  Zergling x6  
  26  4:26  Zergling x2  
Tags
 
Add a new tag
Caveats
  • Supply blocks, unpowered buildings, or Contaminate may cause inaccurate times.
  • Supply counts are checked every 10 seconds.